Map: Disco Bloodbath LE

Players

Heeebs - Winner!

  • Race: Protoss Protoss
  • League: Diamond
  • Spawn Location: 3:00

A.I. 1 (Elite)

  • Race: Terran Terran
  • Spawn Location: 9:00

VOD

Have the link to the VOD?

Description

adams special little all in

Time

  • Played on: Aug. 28, 2019, 8:51 p.m.
  • Length: 8:50
Show
View Real Time Build Order
Export as new Build Order

Heeebs Protoss - Winner!

Build Orders: 1 Gate Expand, Colossus Rush 

Get SALT Encoding   

  12  0:01  Probe  
  13  0:13  Probe  
  14  0:20  Pylon  
  14  0:25  Probe  
  15  0:39  Gateway  
  15  0:40  Probe  
  16  0:46  Assimilator  
  16  0:49  Probe  
  17  0:57  Probe  
  18  1:08  Probe  
  19  1:20  Probe  
  20  1:31  Nexus  
  20  1:40  Cybernetics Core  
  20  1:42  Probe  
  21  1:48  Assimilator  
  21  1:55  Pylon  
  21  1:58  Probe  
  22  2:12  Probe  
  23  2:16  Warp Gate  
  23  2:17  Adept  
  25  2:24  Robotics Facility  
  25  2:27  Probe  
  26  2:39  Probe  
  27  2:48  Probe  
  27  2:51  Adept  
  30  2:52  Probe  
  31  3:01  Gateway  
  31  3:05  Gateway  
  31  3:07  Probe  
  31  3:09  Probe  
  31  3:11  Observer  
  34  3:19  Probe  
  35  3:21  Probe  
  36  3:31  Stalker  
  36  3:32  Probe  
  36  3:33  Observer, Probe  
  41  3:44  Probe  
  41  3:45  Probe  
  43  3:56  Pylon, Probe  
  43  3:58  Probe  
  45  4:03  Pylon  
  45  4:08  Probe  
  46  4:10  Assimilator  
  46  4:12  Assimilator  
  46  4:14  Probe, Robotics Bay  
  46  4:17  Stalker x3  
  49  4:20  Probe  
  54  4:26  Probe  
  54  4:29  Pylon  
  55  4:32  Probe  
  56  4:38  Probe  
  56  4:39  Pylon  
  56  4:44  Probe  
  58  4:46  Colossus  
  58  4:48  Adept x2  
  58  4:49  Adept  
  58  4:50  Probe  
  65  4:56  Pylon  
  65  5:05  Extended Thermal Lance  
  71  5:11  Pylon  
  71  5:17  Stalker x2  
  71  5:21  Stalker  
  77  5:27  Pylon  
  77  5:34  Colossus  
  77  5:36  Pylon  
  83  5:48  Pylon, Probe  
  84  5:50  Stalker x2  
  88  6:01  Gateway  
  88  6:02  Gateway  
  88  6:09  Gateway  
  88  6:10  Colossus  
  88  6:12  Gateway  
  88  6:26  Pylon  
  88  6:32  Sentry x3  
  100  6:37  Pylon  
  100  6:47  Pylon  
  100  6:58  Stalker x2  
  100  6:59  Stalker x3  
  100  7:00  Warp Prism  
  110  7:05  Pylon  
  112  7:15  Stalker x2  
  116  7:22  Pylon  
  116  7:29  Pylon, Stalker x2  
  120  7:32  Stalker  
  122  7:45  Pylon  
  116  7:56  Stalker x4  
  116  7:57  Stalker  
  118  8:03  Stalker  
  120  8:12  Stalker  
  122  8:21  Stalker x4  
  130  8:28  Stalker  
  130  8:30  Stalker  
  134  8:37  Pylon  
Show
View Real Time Build Order
Export as new Build Order

A.I. 1 (Elite) Terran 

Build Orders:  

Get SALT Encoding   

  12  0:00  SCV  
  13  0:13  SCV  
  14  0:19  Supply Depot  
  14  0:25  SCV  
  15  0:40  SCV  
  16  0:43  Barracks  
  16  0:52  SCV  
  17  1:05  SCV  
  18  1:16  Supply Depot  
  18  1:17  SCV  
  19  1:21  Refinery  
  19  1:29  SCV  
  19  1:31  Marine  
  21  1:41  SCV  
  22  1:48  Marine  
  22  1:50  Barracks  
  22  1:53  Refinery, SCV  
  24  2:01  Supply Depot  
  24  2:05  SCV  
  24  2:06  Marine  
  26  2:17  SCV  
  27  2:24  Marine  
  27  2:26  Factory  
  27  2:29  SCV  
  29  2:36  Marine  
  30  2:41  SCV  
  30  2:42  Marine  
  32  2:53  SCV  
  32  2:54  Marine  
  34  3:00  Marine  
  35  3:05  SCV  
  35  3:08  Barracks  
  35  3:12  Marine  
  37  3:18  Barracks Tech Lab, SCV  
  38  3:28  Factory Tech Lab  
  38  3:30  SCV  
  38  3:31  Barracks Tech Lab, Supply Depot  
  39  3:53  Marine x2, SCV  
  42  3:57  Stimpack  
  42  4:02  Combat Shield  
  42  4:05  SCV, Marine  
  44  4:12  Marine  
  45  4:17  SCV  
  46  4:29  SCV  
  47  4:32  Supply Depot  
  47  4:53  SCV, Marine x2  
  47  4:54  Marine  
  47  4:55  Supply Depot  
  51  5:06  SCV  
  52  5:10  Engineering Bay  
  52  5:17  Command Center  
  52  5:18  SCV  
  52  5:20  Marauder  
  55  5:22  Supply Depot  
  55  5:24  Marauder  
  57  5:30  SCV  
  58  5:36  Terran Infantry Armor Level 1, Engineering Bay  
  58  5:37  Barracks Reactor  
  58  5:42  Marauder  
  60  5:45  Marauder  
  62  5:51  Supply Depot  
  62  6:01  Terran Infantry Weapons Level 1  
  62  6:03  Marauder  
  64  6:06  Marine  
  65  6:13  Marine  
  65  6:14  Marine  
  65  6:15  Supply Depot  
  67  6:24  Marine  
  67  6:25  Marauder  
  70  6:29  SCV  
  70  6:30  SCV  
  72  6:42  Marauder, SCV  
  72  6:43  SCV  
  72  6:44  Starport  
  76  6:49  Marauder  
  76  6:54  SCV  
  79  6:55  SCV  
  80  7:06  Marauder, Concussive Shells, SCV  
  80  7:07  Missile Turret, SCV  
  84  7:10  Marauder, Missile Turret  
  86  7:16  Command Center  
  86  7:18  Orbital Command  
  86  7:21  Starport Reactor  
  85  7:28  Marauder  
  87  7:32  Marauder  
  87  7:35  Supply Depot  
  88  7:44  Siege Tank, Barracks  
  88  7:49  Marauder, Marine  
  88  7:51  Marine  
  74  7:53  Marauder  
  55  8:07  Marine  
  55  8:09  Marine  
  55  8:10  Marauder  
  55  8:14  Marine  
  51  8:25  Marine  
  51  8:26  Marine  
Tags
 
Add a new tag
Caveats
  • Supply blocks, unpowered buildings, or Contaminate may cause inaccurate times.
  • Supply counts are checked every 10 seconds.